 Dungeon Sprint DCSS version 0.27-a0-1090-gb115f176c6 (webtiles) character file.

Game seed: 11482807776929367605

652 mhtbhm the Arsonist (level 7, 0/36 HPs)
             Began as a Deep Elf Fire Elementalist on Apr 28, 2021.
             Was a Believer of Vehumet.
             Shot with an arrow by a deep elf archer (18 damage)
             ... in the Dungeon (Sprint V: "Ziggurat Sprint").
             The game lasted 00:01:33 (244 turns).

mhtbhm the Arsonist (Deep Elf Fire Elementalist)     Turns: 244, Time: 00:01:34

Health: 0/36       AC:  5    Str:  5    XL:     7   Next: 28%
Magic:  14/22      EV: 15    Int: 22    God:    Vehumet [**....]
Gold:   0          SH:  0    Dex: 15    Spells: 9/25 levels left

rFire    + . .     SeeInvis .   C - +8 lance "Wyrmbane" {slay drac, rPois rF+ rC+ AC+3}
rCold    + . .     Faith    .   (no shield)
rNeg     . . .     Spirit   .   a - +0 robe
rPois    +         Reflect  .   (no helmet)
rElec    .         Harm     .   (no cloak)
rCorr    .         Rampage  .   (no gloves)
Will     .....     NoTele   +   (no boots)
Stlth    ++........             (no amulet)
HPRegen  0.12/turn              (no ring)
MPRegen  0.18/turn              (no ring)

@: slowed, studying Polearms, very slow
A: no striking features
a: Renounce Religion


You were in the Dungeon.
You worshipped Vehumet.
Vehumet was pleased with you.
You visited 1 branch

Inventory:

Hand Weapons
 C - the +8 lance "Wyrmbane" (weapon) {slay drac, rPois rF+ rC+ AC+3}
   (You found it in the Dungeon)

   It affects your AC (+3).
   It protects you from fire.
   It protects you from cold.
   It protects you from poison.
Armour
 a - a +0 robe (worn)
Jewellery
 r - a ring of flight
 s - a +6 ring of dexterity
 t - a +6 ring of dexterity
 u - a +6 ring of intelligence
 v - a +6 ring of intelligence
 w - a +6 ring of strength
 x - a +6 ring of strength
Wands
 y - a wand of mindburst (7)
 z - a wand of iceblast (4)
 A - a wand of acid (5)
Scrolls
 h - 2 scrolls of blinking
 m - 4 scrolls of amnesia
 n - 7 scrolls of fog
 o - a scroll of holy word
 p - 5 scrolls of identify
 q - 2 scrolls of fear
Potions
 b - 2 potions of brilliance
 c - 9 potions of curing
 d - 8 potions of heal wounds
 e - 6 potions of haste
 f - 7 potions of magic
 g - 3 potions of berserk rage
 i - 2 potions of invisibility
 j - 4 potions of resistance
 k - a potion of experience
 l - 5 potions of might
Miscellaneous
 B - a lightning rod (4/4)


   Skills:
 + Level 7.5 Dodging
 - Level 3.6 Stealth
 + Level 9.8 Spellcasting
 + Level 2.9 Conjurations
 + Level 13.0 Fire Magic
 + Level 3.4 Evocations


You had 9 spell levels left.
You knew the following spells:

 Your Spells              Type           Power      Damage    Failure   Level
a - Foxfire               Conj/Fire      100%       2x1d9     1%          1
b - Conjure Flame         Conj/Fire      46%        6-21      1%          3
c - Inner Flame           Hex/Fire       39%        N/A       1%          3
d - Sticky Flame          Conj/Fire      46%        2d6       2%          4
e - Fireball              Conj/Fire      23%        3d11      6%          5

Your spell library contained the following spells:

 Spells                   Type           Power      Damage    Failure   Level
 Shock                    Conj/Air       68%        1d7       3%          1
 Animate Skeleton         Necr           20%        N/A       6%          1
 Pain                     Necr           40%        1d6       6%          1
 Poisonous Vapours        Pois/Air       20%        N/A       10%         2
 Death Channel            Necr           5%         N/A       100%        6


Dungeon Overview and Level Annotations

Branches:
Dungeon (1/1)

Altars:
Ashenzari
Cheibriados
Dithmenos
Elyvilon
Fedhas
Gozag
Hepliaklqana
Kikubaaqudgha
Makhleb
Nemelex Xobeh
Okawaru
Qazlal
Ru
Sif Muna
Trog
Uskayaw
Vehumet
Wu Jian
Xom
Yredelemnul
Zin
The Shining One
Beogh
Jiyva
Lugonu

Annotations:
D 1 transporter


Message History

Aiming: Corrosive Bolt
Press: ? - help, Shift-Dir - straight line, f - deep elf archer
Aim: a deep elf archer, wielding a +0 shortbow, wearing a +0 leather armour and quivering arrows (moderately wounded, repelling missiles, 38% to hit)
The bolt of acid misses the deep elf archer.
The deep elf archer shoots an arrow.
The arrow misses you.
Unknown command.
You feel much better.
The deep elf pyromancer gestures wildly while chanting.
The deep elf archer points at you and mumbles some strange words.
You feel yourself slow down.
Unknown command.
Aiming: Thunderbolt
Press: ? - help, Shift-Dir - straight line, f/p - deep elf archer
Aim: a deep elf archer, wielding a +0 shortbow, wearing a +0 leather armour and quivering arrows (lightly wounded, repelling missiles)
The thunderbolt hits the deep elf archer!
The deep elf archer is heavily wounded.
The thunderbolt hits the deep elf pyromancer!
You kill the deep elf pyromancer!
Vehumet accepts your kill. The water elemental hits you!
Ouch! That really hurt!
Your lightning rod (4/4) has regained one charge.
Your Dodging skill gained 2 levels and is now at level 7!
Your Spellcasting skill gained 2 levels and is now at level 9!
Your Fire Magic skill gained 3 levels and is now at level 13!
Your Evocations skill gained 2 levels and is now at level 3!
You have reached level 6!
Your experience leads to an increase in your attributes!
Increase (S)trength, (I)ntelligence, or (D)exterity?
You feel clever.
You have reached level 7!
Unknown command.
Unknown command.
Okay, then.
Blink to where?
Press: ? - help, Dir - move target, p - deep elf archer
As you read the scroll of blinking, it crumbles to dust.
The deep elf archer shoots an arrow.
The arrow hits you!!
Ouch! That really hurt!
You die...

▓▓▓▓▓▓▓▓▓▓▓▓▓▓▓▓▓▓
▓.8©8§▓.8©8.▓.8©8.
▓.°○)E▓.)...▓.....
▓..eE.▓.....▓.).).
▓..e..▓.....▓.|)..
▓.....▓.....▓.....
▓.....▓.....▓..©..
▓@.©..▓..©..▓▓▓▓▓▓
▓▓▓▓▓▓▓▓▓▓▓▓▓


You could see a deep elf archer (repels missiles), a water elemental, a deep elf
pyromancer and a fire elemental (summoned).

Vanquished Creatures
  A deep elf pyromancer (D)
  A golden eye (D)
  A jelly (D)
  2 orc wizards (D)
  An endoplasm (D)
6 creatures vanquished.

Notes
Turn   | Place    | Note
-------+----------+-------------------------------------------
     0 | D        | mhtbhm the Deep Elf Fire Elementalist began the quest for
                  | the Orb.
     0 | D        | Reached XP level 1. HP: 10/10 MP: 6/6
     0 | D        | Found a shimmering blue altar of Sif Muna.
     0 | D        | Found a bloodstained altar of Trog.
     0 | D        | Found a sacrificial altar of Ru.
     0 | D        | Found a stormy altar of Qazlal.
     0 | D        | Found an iron altar of Okawaru.
     1 | D        | Found a sparkling altar of Nemelex Xobeh.
     1 | D        | Found a blossoming altar of Fedhas.
     2 | D        | Found the +6 Majin-Bo {vamp, MP+6 Int+6}
     2 | D        | Found the +9 heavy crossbow "Sniper" {vorpal, Acc+∞ SInv}
     2 | D        | Found the +10 dark maul {vorpal}
     2 | D        | Found the +15 Maxwell's patent armour {-Cast -Tele rElec
                  | Will+ rCorr}
     2 | D        | Found the +18 shield of the Gong {rElec rN+ Will+ EV-5}
     2 | D        | Found the +14 obsidian axe {vorpal, Drain Fly SInv}
     2 | D        | Found the +7 great mace "Firestarter" {inner flame, rF++}
     2 | D        | Found the +6 shillelagh "Devastator" {shatter}
     2 | D        | Found the +11 plutonium sword {Contam Stlth-}
     2 | D        | Found the +8 lance "Wyrmbane" {slay drac, rPois rF+ rC+
                  | AC+3}
     2 | D        | Found the +9 sword of Zonguldrok {reap}
     2 | D        | Found the +13 scythe of Curses {drain, Drain}
     2 | D        | Found the +5 sword of Power {vorpal}
     2 | D        | Found the +7 mace of Variability {chain chaos}
     2 | D        | Found the +7 Singing Sword {vorpal, sonic wave}
     2 | D        | Found the +8 storm bow {elec, penet}
     3 | D        | Found a transporter.
     3 | D        | Found an ancient bone altar of Kikubaaqudgha.
     3 | D        | Found a viscous altar of Jiyva.
     3 | D        | Found a corrupted altar of Lugonu.
     3 | D        | Found a hazy altar of Hepliaklqana.
     3 | D        | Found a burning altar of Makhleb.
     3 | D        | Found an opulent altar of Gozag.
    37 | D        | Became a worshipper of Vehumet
    54 | D        | Entered arena 2.
    54 | D        | Noticed an orc wizard
    54 | D        | Noticed an orc wizard
    54 | D        | Found a transporter.
    56 | D        | Killed an orc wizard
    56 | D        | Killed an orc wizard
    57 | D        | Reached skill level 5 in Spellcasting
    57 | D        | Reached skill level 6 in Fire Magic
    57 | D        | Reached XP level 2. HP: 15/15 MP: 7/10
    57 | D        | Reached XP level 3. HP: 19/19 MP: 7/11
    61 | D        | Learned a level 3 spell: Conjure Flame
    65 | D        | Learned a level 3 spell: Inner Flame
   193 | D        | Entered arena 3.
   193 | D        | Noticed a golden eye
   193 | D        | Found a transporter.
   194 | D        | Killed a golden eye
   194 | D        | Reached * piety under Vehumet
   194 | D        | Offered knowledge of Shock by Vehumet.
   195 | D        | Reached skill level 5 in Dodging
   195 | D        | Reached skill level 9 in Fire Magic
   195 | D        | Reached skill level 1 in Evocations
   195 | D        | Reached XP level 4. HP: 24/24 MP: 12/15
   195 | D        | Reached XP level 5. HP: 28/28 MP: 12/16
   196 | D        | Reached skill level 10 in Fire Magic
   201 | D        | Got the Handbook of the Secret Friars
   227 | D        | Learned a level 4 spell: Sticky Flame
   233 | D        | Learned a level 5 spell: Fireball
   235 | D        | Entered arena 4.
   235 | D        | Noticed a deep elf pyromancer
   235 | D        | Noticed a water elemental
   235 | D        | Noticed a deep elf pyromancer
   235 | D        | Noticed a deep elf archer
   235 | D        | Found a transporter.
   243 | D        | Noticed a fire elemental
   243 | D        | Killed a deep elf pyromancer
   243 | D        | Reached ** piety under Vehumet
   244 | D        | Reached skill level 13 in Fire Magic
   244 | D        | Reached XP level 6. HP: 15/32 MP: 13/20
   244 | D        | Reached XP level 7. HP: 17/36 MP: 14/22
   244 | D        | Shot with an arrow by a deep elf archer

Illustrated notes

Levels and vault maps discovered:
D:        sprint_v [room_start, room_1, room_2, room_3, room_4, room_5, room_6,
          room_7, room_8, room_9, room_10, room_11, room_12, room_13, room_14,
          room_15, room_16, room_17, room_18, room_19, room_20, room_21,
          room_22, room_23, room_24, room_25, room_26, room_27]

Skill      XL: |  1  2  3  4  5 |
---------------+----------------+-----
Dodging        | 3 5 7 |  7.5
Stealth        | 3 |  3.6
Spellcasting   | 5 7 9 |  9.8
Fire Magic     | 6 9 13 | 13.0
Conjurations   | 2 |  2.9
Evocations     | 1 3 |  3.4

Action                   |  1- 3 |  4- 6 |  7- 9 || total
-------------------------+-------+-------+-------++-------
 Cast: Fireball          |       |     1 |       ||     1
Evoke: Wand              |     3 |     2 |       ||     5
       Lightning rod     |       |     2 |       ||     2
  Use: Potion            |       |     3 |       ||     3
       Scroll            |       |     1 |     1 ||     2
Dodge: Dodged            |       |     2 |       ||     2

Table legend: (Time is in decaauts)
 A = Elapsed time spent in this place.
 B = Non-inter-level travel time spent in this place.
 C = Inter-level travel time spent in this place.
 D = Time resting spent in this place.
 E = Time spent auto-exploring this place.
 F = Levels seen in this place.
 G = Mean time per level.
                   A        B        C        D        E       F      G
               +--------+--------+--------+--------+--------+-----+--------+
         Total |    244 |    244 |      0 |    139 |      0 |   1 |  244.0 |
       Dungeon |    244 |    244 |      0 |    139 |      0 |   1 |  244.0 |
               +--------+--------+--------+--------+--------+-----+--------+

Top non-repeatable levels by time:
       D: 244 daAuts
